 Dungeon Crawl Stone Soup version 0.28.0 (webtiles) character file.

Game seed: 4171439795711042628

7 crazypyro the Shield-Bearer (level 1, -7/19 HPs)
             Began as a Minotaur Fighter on Feb 8, 2022.
             Mangled by a kobold (18 damage)
             ... on level 1 of the Dungeon.
             The game lasted 00:00:12 (385 turns).

crazypyro the Shield-Bearer (Minotaur Fighter)       Turns: 385, Time: 00:00:13

Health: -7/19      AC:  6    Str: 20    XL:     1   Next: 83%
Magic:  0/0        EV:  9    Int:  5    God:
Gold:   7          SH:  4    Dex:  9    Spells: 0/0 levels left

rFire   . . .      SeeInvis .   a - +0 war axe
rCold   . . .      Faith    .   c - +0 buckler
rNeg    . . .      Spirit   .   b - +0 scale mail
rPois   .          Reflect  .   (helmet restricted)
rElec   .          Harm     .   (no cloak)
rCorr   .          Rampage  .   (no gloves)
Will    .....                   (no boots)
Stlth   ..........              (no amulet)
HPRegen 0.06/turn               (no ring)
MPRegen 0.07/turn               (no ring)

@: no status effects
A: horns 2, retaliatory headbutt
a: no special abilities


You were on level 1 of the Dungeon.
You visited 1 branch of the dungeon, and saw 1 of its levels.

You collected 7 gold pieces.

Inventory:

Hand Weapons
 a - a +0 war axe (weapon)
Armour
 b - a +0 scale mail (worn)
 c - a +0 buckler (worn)
Potions
 d - a potion of might


   Skills:
 - Level 3.6 Fighting
 * Level 3.0 Axes
 - Level 3.6 Armour
 + Level 0.7 Dodging
 - Level 3.6 Shields


You couldn't memorise any spells.
You didn't know any spells.
Your spell library was empty.

Dungeon Overview and Level Annotations

Branches:
Dungeon (1/15)

Altars:


Innate Abilities, Weirdness & Mutations

You have a pair of horns on your head.
You reflexively headbutt those who attack you in melee.


Message History

A quokka is nearby!
A quokka is nearby!
You closely miss the quokka. Your headbutt misses the quokka.
The quokka barely misses you.
You slash the quokka!
You kill the quokka!
No target in view!
No target in view!
You see here a quokka corpse.
A goblin comes into view. It is wielding a +0 dagger.
The goblin shouts!
A goblin is nearby!
A goblin is nearby!
An endoplasm comes into view.
A kobold comes into view.
It is wielding a +3 dagger of distortion.
Found 8 bolts.
The goblin hits you but does no damage.
You hit the endoplasm.
The endoplasm is severely wounded.
You closely miss the goblin. You block the endoplasm's attack.
The goblin hits you but does no damage. The endoplasm hits you.
You hit the endoplasm but do no damage.
The endoplasm is severely wounded.
You closely miss the goblin. The goblin barely misses you.
The endoplasm freezes you.
You are frozen.
The goblin hits you but does no damage.
You barely miss the endoplasm.
The endoplasm is severely wounded.
You slash the goblin!
You kill the goblin!
The endoplasm barely misses you. You furiously retaliate!
You headbutt the endoplasm!
You kill the endoplasm!
Your Axes skill increases to level 3!
The kobold barely misses you.
You barely miss the kobold.
The kobold hits you with a +3 dagger of distortion. x2
Space warps horribly around you!!
Ouch! That really hurt!
You die...

############## ##
.......#.............
.........#.............
#.##.....#...###.......
###........#..##
##......
#(.........#..##
##.....† #....
#..#...###...####
#....##K.#.....†..## #
#...).@...........#
#........#........##
##..##...#...###...####
#.......#..## ##......
#.......#..## ##......
##.##.#.#...###.......
#. #.#.#............. #
#.#.#.............
##############


You could see a kobold.

Vanquished Creatures
  A bat (D:1)
  2 endoplasms (D:1)
  A goblin (D:1)
  A quokka (D:1)
5 creatures vanquished.

Notes
Turn   | Place    | Note
-------+----------+-------------------------------------------
     0 | D:1      | crazypyro the Minotaur Fighter began the quest for the Orb.
     0 | D:1      | Reached XP level 1. HP: 19/19 MP: 0/0
   385 | D:1      | Mangled by a kobold

Illustrated notes

Levels and vault maps discovered:
D:1:      erik_arrival_cave_to_civilisation [erik_arrival_cave_to_hall],
          layout_basic, shapermc_ecumenical_altar_ellora, serial_shops,
          nicolae_shop_statue_plus

Skill      XL: |  1 |
---------------+----+-----
Axes           | 3 |  3.0
Fighting       | |  3.6
Armour         | |  3.6
Dodging        | |  0.7
Shields        | |  3.6

Action                   || total
-------------------------++-------
Melee: War axe           ||    12
Armor: Scale mail        ||     3
Dodge: Dodged            ||     9
Block: Buckler           ||     1
